 Dungeon Crawl Stone Soup version 0.31-a0-625-gc9c7e45f3f (webtiles) character file.

Game seed: 251355882095429333

303 Ijustatesigmund the Digger (level 6, -6/36 HPs)
             Began as a Gargoyle Earth Elementalist on Aug 24, 2023.
             Killed by divine providence
             ... invoked by an orc priest
              (13 damage)
             ... on level 4 of the Dungeon.
             The game lasted 00:08:55 (4013 turns).

Ijustatesigmund the Digger (GrEE)                   Turns: 4013, Time: 00:08:55

Health: -6/36      AC:  6    Str: 11    XL:     6   Next: 38%
Magic:  10/10      EV: 11    Int: 18    God:
Gold:   139        SH:  4    Dex: 10    Spells: 7/11 levels left

rFire   . . .        e - +1 flail
rCold   . . .        c - +0 buckler
rNeg    + . .        a - +0 robe
rPois   ∞            (no helmet)
rElec   +            (no cloak)
rCorr   +            (no gloves)
SInv    .            (no boots)
Will    +....        (no amulet)
Stlth   ++           f - ring of resist corrosion
HPRegen 0.26/turn    h - ring of willpower
MPRegen 0.12/turn

%: no passive effects
@: no status effects
A: sickness immunity, AC +4, negative energy resistance 1, electricity
resistance, torment resistance 1, petrification resistance
a: no special abilities


You were on level 4 of the Dungeon.
You visited 1 branch of the dungeon, and saw 4 of its levels.

You collected 139 gold pieces.

Inventory:

Hand Weapons
 e - a +1 flail (weapon)
Armour
 a - a +0 robe (worn)
 c - a +0 buckler (worn)
Jewellery
 f - a ring of resist corrosion (left hand)
 h - a ring of willpower (right hand)
 m - a ring of fire
Scrolls
 j - a scroll of immolation
Potions
 b - a potion of magic
 d - 3 potions of curing
 g - a potion of invisibility {unknown}
 i - 2 potions of mutation {unknown}
 k - a potion of degeneration {unknown}
 l - 2 potions of lignification {unknown}
 n - a potion of resistance {unknown}
 o - a potion of heal wounds {unknown}


   Skills:
 + Level 2.8 Fighting
 + Level 2.3 Maces & Flails
 - Level 1.5 Dodging
 - Level 2.1 Stealth
 + Level 2.5 Shields
 + Level 3.2 Spellcasting
 - Level 0.7 Transmutations
 + Level 5.0 Earth Magic


You had 7 spell levels left.
You knew the following spells:

 Your Spells              Type           Power      Damage    Failure   Level
a - Sandblast             Erth           40%        2d10      3%          1
b - Stone Arrow           Conj/Erth      22%        3d8       24%         3

Your spell library contained the following spells:

 Spells                   Type           Power      Damage    Failure   Level
 Passwall                 Tmut/Erth      10%        N/A       11%         2
 Petrify                  Tmut/Erth      13%        N/A       56%         4


Dungeon Overview and Level Annotations

Branches:
Dungeon (4/15)
 Temple: D:4-7

Altars:
Ashenzari

Shops:
D:2 :


Innate Abilities, Weirdness & Mutations

You are immune to sickness and miasma.
Your stone body is resilient. (AC +4)
You are immune to poison.
You resist negative energy. (rN+)
You are resistant to electric shocks. (rElec)
You are resistant to unholy torment.
You are immune to petrification.


Message History

The ufetubus hits you but does no damage.
The orc wizard casts a spell.
The orc wizard flickers and vanishes!
Deactivating autopickup; reactivate with Ctrl-A.
The ufetubus barely misses you.
The ufetubus hits you but does no damage.
You miss the ufetubus.
The ufetubus is severely wounded.
The ufetubus hits you but does no damage.
The ufetubus barely misses you.
The ufetubus hits you but does no damage.
The ufetubus barely misses you. The ufetubus attacks as it pursues you!
The ufetubus hits you but does no damage.
You block the ufetubus's attack.
You see here a howler monkey skeleton.
The ufetubus attacks as it pursues you! The ufetubus misses you.
The ufetubus hits you but does no damage. x3
An orc priest comes into view. It is wielding a +0 club.
Found a stone staircase leading down.
The orc priest shouts!
You hear a shout!
The ufetubus attacks as it pursues you! The ufetubus closely misses you.
The ufetubus hits you.
The orc priest mumbles some strange prayers to Beogh against you.
Beogh smites you! The ufetubus closely misses you.
You block the ufetubus's attack. The ufetubus misses you.
The ufetubus hits you but does no damage.
An orc wizard comes into view. It is wielding a +0 dagger.
The orc wizard gestures at you while chanting.
The magic dart hits you!
There is an open door here.
The ufetubus attacks as it pursues you! The ufetubus hits you.
The ufetubus hits you but does no damage.
The ufetubus misses you. The ufetubus barely misses you.
The ufetubus attacks as it pursues you! The ufetubus hits you. x2
* * * LOW HITPOINT WARNING * * *
The orc priest mumbles some strange prayers to Beogh against you.
Beogh smites you!
You die...

#### # ########...# # #######
#. #<@5...+...+ $###
....#...#.#####....###...##.#.
........+..........'.........>.
#......#.#........#o...#...#.#
#.....## #........#.o.........
#......#
+........#........#.###
#...###........#....#.#.#.#..
#.......#...o.....#...#.#.#.#
###.......#.........#.÷.#...#.#


You could see 2 orc priests, an orc wizard and an ufetubus.

Vanquished Creatures
  An ogre (D:4)
  A howler monkey (D:4)
  Terence (D:2)
  Robin (D:2)
  5 adders
  3 gnolls (D:3)
  2 dart slugs
  An orc (D:3)
  2 endoplasms (D:1)
  4 giant cockroaches
  5 hobgoblins
  3 jackals (D:2)
  12 kobolds
  5 quokkas
  8 ball pythons
  3 bats
  4 frilled lizards
  11 goblins
  7 rats
79 creatures vanquished.

Notes
Turn   | Place    | Note
-------+----------+-------------------------------------------
     0 | D:1      | Ijustatesigmund the Gargoyle Earth Elementalist began the
                  | quest for the Orb.
     0 | D:1      | Reached XP level 1. HP: 10/10 MP: 3/3
   477 | D:1      | Reached XP level 2. HP: 11/16 MP: 5/5
   812 | D:1      | Reached skill level 1 in Fighting
  1265 | D:2      | Reached skill level 4 in Earth Magic
  1336 | D:2      | Found Xudyuts's Book Shoppe.
  1377 | D:2      | Noticed Robin
  1379 | D:2      | Reached XP level 3. HP: 20/20 MP: 3/6
  1382 | D:2      | Killed Robin
  1383 | D:2      | Reached skill level 1 in Shields
  1390 | D:2      | Noticed Terence
  1633 | D:3      | Reached skill level 1 in Maces & Flails
  1790 | D:3      | Reached XP level 4. HP: 25/25 MP: 4/7
  2159 | D:3      | Found a broken altar of Ashenzari.
  2349 | D:2      | Found a faded altar of an unknown god.
  2758 | D:2      | Learned a level 3 spell: Stone Arrow
  2930 | D:2      | Killed Terence
  2931 | D:2      | Reached XP level 5. HP: 25/30 MP: 3/9
  3698 | D:4      | Noticed an ogre
  3763 | D:4      | Reached XP level 6. HP: 36/36 MP: 6/10
  3849 | D:4      | Reached skill level 5 in Earth Magic
  4013 | D:4      | Killed from afar by an orc priest

Illustrated notes

Levels and vault maps discovered:
D:1:      lightli_molten_gateway, layout_basic, glass_columns_a
D:2:      layout_basic, hellmonk_ecumenical_altar_crossroads, serial_shops,
          shop, chequers_serial_rivers_marsh, minmay_tetromino_t2, uniq_terence,
          uniq_robin
D:3:      layout_basic, general_overflow_altar
D:4:      layout_basic, mainiacjoe_overflow_paths

Skill      XL: |  1  2  3  4  5  6 |
---------------+-------------------+-----
Fighting       | 1 2 |  2.8
Earth Magic    | 4 5 |  5.0
Shields        | 1 2 |  2.5
Maces & Flails | 1 2 |  2.3
Spellcasting   | 3 |  3.2
Dodging        | |  1.5
Stealth        | |  2.1
Transmutations | |  0.7

Action                     |  1- 3 |  4- 6 || total
---------------------------+-------+-------++-------
  Melee: Unarmed           |     8 |       ||     8
         Whip              |     7 |       ||     7
         Flail             |    14 |    30 ||    44
   Cast: Sandblast         |    49 |    59 ||   108
         Stone Arrow       |       |     2 ||     2
    Use: Scroll            |     2 |     3 ||     5
   Stab: Sleeping          |     1 |       ||     1
 Armour: Robe              |    11 |    29 ||    40
  Dodge: Dodged            |    36 |    44 ||    80
  Block: Buckler           |     4 |    12 ||    16

Table legend: (Time is in decaauts)
 A = Elapsed time spent in this place.
 B = Non-inter-level travel time spent in this place.
 C = Inter-level travel time spent in this place.
 D = Time resting spent in this place.
 E = Time spent auto-exploring this place.
 F = Levels seen in this place.
 G = Mean time per level.
                   A        B        C        D        E       F      G
               +--------+--------+--------+--------+--------+-----+--------+
         Total |   4085 |   4021 |     64 |   1028 |   2429 |   4 | 1021.2 |
       Dungeon |   4085 |   4021 |     64 |   1028 |   2429 |   4 | 1021.2 |
               +--------+--------+--------+--------+--------+-----+--------+

Top non-repeatable levels by time:
     D:1: 1218 daAuts
     D:3: 1169 daAuts
     D:2: 1163 daAuts
     D:4: 535 daAuts
